Pirates vs Rivermen

Created - Wednesday, November 26, 2014 at 23:43

Goals
1 2 3 T
Pirates 5 2 0 7
Rivermen 2 1 0 3
Shots
1 2 3 T
Pirates 7 7 4 18
Rivermen 13 12 5 30

1st period

1. Pirates , Brandon Segal 3 (Eric Tangradi, David Steckel) at 1:13 (PP)
2. Pirates , Markus Granlund 7 (Nick Johnson, Bobby Butler) at 2:05
3. Pirates , Peter Holland 10 (Ryan Stoa) at 4:15
4. Pirates , Markus Granlund 8 (Vincent LoVerde) at 4:30
5. Rivermen , Brian Gibbons 5 (Mark Stone, Ryan Ellis) at 5:37
6. Pirates , Eric Tangradi 9 (Mike Komisarek, Brandon Segal) at 8:01
7. Rivermen , Anton Belov 14 (Brian Gibbons) at 11:55 (PP)

Penalties :
Ryan Ellis (Peo) for Boarding (Minor) at 1:02, Ryan Reaves (Peo) for Fighting (Major) at 5:24, David Steckel (POR) for Fighting (Major) at 5:24, Gilbert Brule (POR) for Holding (Minor) at 11:12

2nd period

8. Pirates , Gilbert Brule 17 (Mike Komisarek) at 11:42
9. Pirates , David Steckel 1 (Eric Tangradi, Brandon Segal) at 12:56 (PP)
10. Rivermen , Ryan Ellis 6 (Joe Whitney) at 15:21 (PP)

Penalties :
Ryan Reaves (Peo) for Holding (Minor) at 1:17, Ryan Reaves (Peo) for Hooking (Minor) at 11:49, Markus Granlund (POR) for High sticking (Double Minor) at 15:13

3rd period

No Goal

Penalties :
Gilbert Brule (POR) for Roughing (Minor) at 3:51, Ryan Sproul (Peo) for Tripping (Minor) at 15:08

Goalie Stats

Mike McKenna (POR), 27 saves from 30 shots - (0.900), W, 6-1-1, 60:00 minutes
Farm Player87 (Peo), 0 saves from 4 shots - (0.000), L, 0-2-0, 4:30 minutes
Tyler Bunz (Peo), 11 saves from 14 shots - (0.786), 55:30 minutes

Players Stats for Pirates

Player Name              G  A  P  +/- PIM S  H  SB GA TA FO     MP     PP MP  PK MP  
------------------------------------------------------------------------------------
Aaron Rome               0  0  0   0  0   1  0  1  0  2  0/0    21:48   2:35   1:28 
Andrew Alberts           0  0  0   0  0   1  1  0  0  0  0/0    21:11   2:35   1:28 
Arron Asham              0  0  0   0  0   0  1  0  0  0  0/0     5:12   1:04   1:40 
Bobby Butler             0  1  1   1  0   0  1  0  0  1  4/7    24:44   1:51   3:35 
Brandon Segal            1  2  3   1  0   1  1  1  5  0  0/0    20:29   2:21   0:00 
Dan Kelly                0  0  0   0  0   0  0  0  0  0  0/0     0:00   0:00   0:00 
David Steckel            1  1  2   0  5   2  0  1  2  0  7/11   13:35   1:48   0:00 
Eric Tangradi            1  2  3   1  0   2  4  0  3  0  0/0    20:20   2:43   0:00 
Gilbert Brule            1  0  1   2  4   2  1  0  1  0  8/11   21:43   1:51   0:50 
Hal Gill                 0  0  0   1  0   1  2  3  0  1  0/0    23:58   2:41   3:21 
Henrik Tommernes         0  0  0   3  0   0  2  1  1  0  0/0    15:01   0:00   0:00 
Markus Granlund          2  0  2   1  4   2  1  1  3  0  4/9    21:33   2:02   0:00 
Mike Komisarek           0  2  2   1  0   1  2  1  2  1  0/0    23:58   2:41   3:21 
Nick Johnson             0  1  1   2  0   2  1  0  0  0  0/0    14:01   1:04   0:00 
Peter Holland            1  0  1   2  0   2  1  1  2  1  3/6    16:32   1:04   0:37 
Ryan Stoa                0  1  1   2  0   1  1  0  0  0  0/0    15:45   0:00   2:56 
Tobias Rieder            0  0  0   0  0   0  0  0  0  0  0/0     0:11   0:00   0:00 
Vincent LoVerde          0  1  1   3  0   0  0  1  0  2  0/0    15:01   0:00   0:00 

Players Stats for Rivermen

Player Name              G  A  P  +/- PIM S  H  SB GA TA FO     MP     PP MP  PK MP  
------------------------------------------------------------------------------------
Anton Belov              1  0  1  -2  0   1  1  0  3  2  0/0    22:35   1:55   3:11 
Brian Gibbons            1  1  2   0  0   5  1  0  3  3  4/15   17:18   2:20   3:32 
Brian O'Neill            0  0  0  -3  0   4  2  1  0  0  0/1    16:10   0:00   1:06 
Chris Brown              0  0  0  -1  0   2  2  0  1  0  0/0    13:12   0:00   1:17 
Cody Goloubef            0  0  0  -1  0   1  1  0  0  1  0/0    11:39   0:00   1:01 
Evan Rankin              0  0  0  -1  0   0  0  0  0  0  0/0    11:22   0:00   0:00 
J.T. Brown               0  0  0  -3  0   1  0  0  0  1  0/2    13:36   0:00   0:01 
Joakim Nordstrom         0  0  0   0  0   1  0  1  2  1  5/10   17:21   2:29   0:00 
Joe Piskula              0  0  0   0  0   0  0  0  0  0  0/0     0:00   0:00   0:00 
Joe Whitney              0  1  1   0  0   0  2  0  1  0  3/6    21:17   2:29   3:29 
Mark Stone               0  1  1  -1  0   4  1  0  2  0  1/2    23:07   2:20   0:13 
Maxime Fortunus          0  0  0  -2  0   0  1  2  0  1  0/0    10:58   0:00   0:00 
Nathan Longpre           0  0  0   0  0   0  0  0  0  0  0/0     0:54   0:00   0:54 
Rob Davison              0  0  0   0  0   1  2  1  0  1  0/0    26:26   2:54   2:05 
Ryan Ellis               1  1  2  -1  2   7  1  1  1  0  0/0    26:45   2:54   2:05 
Ryan Reaves              0  0  0   0  9   1  0  0  1  0  0/0    15:59   2:29   0:00 
Ryan Sproul              0  0  0  -2  2   1  5  1  0  0  0/0    22:07   1:55   2:10 
Zack Phillips            0  0  0  -3  0   1  2  0  1  0  5/8    23:48   2:20   0:00 

3 Stars

1 - Eric Tangradi (POR)
2 - Brandon Segal (POR)
3 - Peter Holland (POR)

Power Play

Pirates - 2 on 4 Attempt(s) - 50.00%
Rivermen - 2 on 4 Attempt(s) - 50.00%

Penalty Kill

Pirates - 2 on 4 Attempt(s) - 50.00% - Score 0 goal in Penalty Kill
Rivermen - 2 on 4 Attempt(s) - 50.00% - Score 0 goal in Penalty Kill

Official

Referees : Unknown
Linesman : Unknown

Game Notes

Tyler Bunz enters game at 4:30 of 1st period
Ryan Reaves beats up David Steckel at 5:24 of 1st period
David Steckel is injured at 6:55 of 3rd period (Broken Right Foot Toe)

Finance

Level 1 -- Attendance: 1527 (76.35%) -- Ticket Income $42,756
Level 2 -- Attendance: 729 (72.90%) -- Ticket Income $7,290
Total Attendance: 2256 (75.20%)
Total Ticket Income: $50,046
Other Income: $24,523
Total Income: $74,569

Pirates

5 vs 5 Forward 
   Center                   Left Wing                Right Wing               Time % Phy DF OF 
 1 Gilbert Brule            Markus Granlund          Bobby Butler             35     1   2  2  
 2 David Steckel            Eric Tangradi            Brandon Segal            30     1   2  2  
 3 Markus Granlund          Nick Johnson             Bobby Butler             22     1   2  2  
 4 Peter Holland            Ryan Stoa                Gilbert Brule            13     1   2  2  

5 vs 5 Defense 
   Defense                  Defense                                           Time % Phy DF OF 
 1 Hal Gill                 Mike Komisarek                                    35     1   2  2  
 2 Aaron Rome               Andrew Alberts                                    30     1   2  2  
 3 Henrik Tommernes         Vincent LoVerde                                   22     1   2  2  
 4 Hal Gill                 Mike Komisarek                                    13     1   2  2  

PowerPlay Forward 
   Center                   Left Wing                Right Wing               Time % Phy DF OF 
 1 Gilbert Brule            Markus Granlund          Bobby Butler             60     1   2  2  
 2 David Steckel            Eric Tangradi            Brandon Segal            40     1   2  2  

PowerPlay Defense
   Defense                  Defense                                           Time % Phy DF OF 
 1 Hal Gill                 Mike Komisarek                                    60     1   2  2  
 2 Aaron Rome               Andrew Alberts                                    40     1   2  2  

Penalty Kill 4 Players Forward 
   Center                   Wing                     Time % Phy DF OF 
 1 Bobby Butler             Gilbert Brule            60     1   2  2  
 2 David Steckel            Markus Granlund          40     1   2  2  

Penalty Kill 4 Players Defense
   Defense                  Defense                  Time % Phy DF OF 
 1 Hal Gill                 Mike Komisarek           60     1   2  2  
 2 Aaron Rome               Andrew Alberts           40     1   2  2  

Penalty Kill - 3 Players Forward 
   Forward                                           Time % Phy DF OF 
 1 Bobby Butler                                      60     1   2  2  
 2 Gilbert Brule                                     40     1   2  2  

Penalty Kill - 3 Players Defense
   Defense                  Defense                  Time % Phy DF OF 
 1 Hal Gill                 Mike Komisarek           60     1   2  2  
 2 Aaron Rome               Andrew Alberts           40     1   2  2  

4 vs 4 Forward 
   Center                   Wing                     Time % Phy DF OF 
 1 Bobby Butler             Gilbert Brule            60     1   2  2  
 2 David Steckel            Markus Granlund          40     1   2  2  

4 vs 4 Defense
   Defense                  Defense                  Time % Phy DF OF 
 1 Hal Gill                 Mike Komisarek           60     1   2  2  
 2 Aaron Rome               Andrew Alberts           40     1   2  2  

Last Minutes Offensive
   Center                   Left Wing                Right Wing               Defense                  Defense                  
   Gilbert Brule            David Steckel            Bobby Butler             Hal Gill                 Mike Komisarek           

Last Minutes Defensive
   Center                   Left Wing                Right Wing               Defense                  Defense                  
   Gilbert Brule            David Steckel            Bobby Butler             Hal Gill                 Mike Komisarek           

Goaltenders
Starting : Mike McKenna             
Backup : Malcolm Subban           

Extra Forwards
Normal : Peter Holland, Nick Johnson, Ryan Stoa - PP : Peter Holland, Nick Johnson - PK : Ryan Stoa
Extra Defensemen
Normal : Henrik Tommernes, Vincent LoVerde, Aaron Rome - PP : Henrik Tommernes - PK : Vincent LoVerde, Aaron Rome
Penalty Shots
Bobby Butler, Gilbert Brule, David Steckel, Markus Granlund, Brandon Segal

Rivermen

5 vs 5 Forward 
   Center                   Left Wing                Right Wing               Time % Phy DF OF 
 1 Brian Gibbons            Zack Phillips            Mark Stone               35     1   2  2  
 2 Joakim Nordstrom         Joe Whitney              Ryan Reaves              30     1   2  2  
 3 Zack Phillips            J.T. Brown               Brian O'Neill            22     1   2  2  
 4 Mark Stone               Chris Brown              Evan Rankin              13     1   2  2  

5 vs 5 Defense 
   Defense                  Defense                                           Time % Phy DF OF 
 1 Ryan Ellis               Rob Davison                                       35     1   2  2  
 2 Anton Belov              Ryan Sproul                                       30     1   2  2  
 3 Rob Davison              Cody Goloubef                                     22     1   2  2  
 4 Maxime Fortunus          Ryan Ellis                                        13     1   2  2  

PowerPlay Forward 
   Center                   Left Wing                Right Wing               Time % Phy DF OF 
 1 Brian Gibbons            Zack Phillips            Mark Stone               60     1   2  2  
 2 Joakim Nordstrom         Joe Whitney              Ryan Reaves              40     1   2  2  

PowerPlay Defense
   Defense                  Defense                                           Time % Phy DF OF 
 1 Ryan Ellis               Rob Davison                                       60     1   2  2  
 2 Anton Belov              Ryan Sproul                                       40     1   2  2  

Penalty Kill 4 Players Forward 
   Center                   Wing                     Time % Phy DF OF 
 1 Joe Whitney              Brian Gibbons            60     1   2  2  
 2 Mark Stone               Ryan Reaves              40     1   2  2  

Penalty Kill 4 Players Defense
   Defense                  Defense                  Time % Phy DF OF 
 1 Ryan Ellis               Rob Davison              60     1   2  2  
 2 Anton Belov              Ryan Sproul              40     1   2  2  

Penalty Kill - 3 Players Forward 
   Forward                                           Time % Phy DF OF 
 1 Mark Stone                                        60     1   2  2  
 2 Brian Gibbons                                     40     1   2  2  

Penalty Kill - 3 Players Defense
   Defense                  Defense                  Time % Phy DF OF 
 1 Ryan Ellis               Maxime Fortunus          60     1   2  2  
 2 Anton Belov              Ryan Sproul              40     1   2  2  

4 vs 4 Forward 
   Center                   Wing                     Time % Phy DF OF 
 1 Zack Phillips            Brian Gibbons            60     1   2  2  
 2 Mark Stone               Ryan Reaves              40     1   2  2  

4 vs 4 Defense
   Defense                  Defense                  Time % Phy DF OF 
 1 Ryan Ellis               Cody Goloubef            60     1   2  2  
 2 Anton Belov              Ryan Sproul              40     1   2  2  

Last Minutes Offensive
   Center                   Left Wing                Right Wing               Defense                  Defense                  
   Brian Gibbons            Ryan Reaves              Mark Stone               Ryan Ellis               Anton Belov              

Last Minutes Defensive
   Center                   Left Wing                Right Wing               Defense                  Defense                  
   Brian Gibbons            Ryan Reaves              Mark Stone               Ryan Ellis               Anton Belov              

Goaltenders
Starting : Farm Player87            
Backup : Tyler Bunz               

Extra Forwards
Normal : Zack Phillips, Mark Stone, Brian O'Neill - PP : Zack Phillips, Brian Gibbons - PK : Brian O'Neill
Extra Defensemen
Normal : Rob Davison, Cody Goloubef, Maxime Fortunus - PP : Rob Davison - PK : Cody Goloubef, Maxime Fortunus
Penalty Shots
Zack Phillips, Brian Gibbons, Mark Stone, Ryan Reaves, Joe Whitney

% Time on Ice - Pirates

Lines # - Real PCT - Wanted PCT - Time Play
Normal Forward
1 - 15% - 35% - 7:41
2 - 43% - 30% - 21:36
3 - 21% - 22% - 10:35
4 - 20% - 13% - 10:03
Normal Defense
1 - 31% - 35% - 15:18
2 - 34% - 30% - 16:57
3 - 30% - 22% - 15:01
4 - 5% - 13% - 2:39
PP Forward
1 - 35% - 60% - 1:51
2 - 65% - 40% - 3:25
PP Defense
1 - 51% - 60% - 2:41
2 - 49% - 40% - 2:35
PK Forward
1 - 100% - 60% - 4:49
2 - 0% - 40% - 0:00
PK Defense
1 - 70% - 60% - 3:21
2 - 30% - 40% - 1:28
PK3 Forward
1 - 0% - 60%
2 - 0% - 40%
PK3 Defense
1 - 0% - 60%
2 - 0% - 40%
44 Forward
1 - 0% - 60%
2 - 0% - 40%
44 Defense
1 - 0% - 60%
2 - 0% - 40%
Last Minute Offensive  - 0:00
Last Minute Defensive  - 0:00
Total
Forward - 60:00
Defense - 60:00

% Time on Ice - Rivermen

Lines # - Real PCT - Wanted PCT - Time Play
Normal Forward
1 - 21% - 35% - 10:34
2 - 31% - 30% - 15:26
3 - 26% - 22% - 13:01
4 - 22% - 13% - 10:54
Normal Defense
1 - 23% - 35% - 11:33
2 - 35% - 30% - 17:29
3 - 20% - 22% - 9:55
4 - 22% - 13% - 10:58
PP Forward
1 - 48% - 60% - 2:20
2 - 52% - 40% - 2:29
PP Defense
1 - 60% - 60% - 2:54
2 - 40% - 40% - 1:55
PK Forward
1 - 96% - 60% - 5:03
2 - 4% - 40% - 0:13
PK Defense
1 - 40% - 60% - 2:05
2 - 60% - 40% - 3:11
PK3 Forward
1 - 0% - 60%
2 - 0% - 40%
PK3 Defense
1 - 0% - 60%
2 - 0% - 40%
44 Forward
1 - 0% - 60%
2 - 0% - 40%
44 Defense
1 - 0% - 60%
2 - 0% - 40%
Last Minute Offensive  - 0:00
Last Minute Defensive  - 0:00
Total
Forward - 60:00
Defense - 60:00

Play by Play

1st period


0:01 of 1st period - Gilbert Brule wins face-off versus Brian Gibbons in neutral zone.
1:02 of 1st period - Minor Penalty to Ryan Ellis for Boarding.
1:03 of 1st period - David Steckel wins face-off versus Joe Whitney in Rivermen zone.
1:13 of 1st period - Snap shot by Brandon Segal.
1:13 of 1st period - Goal by Brandon Segal - Pirates : 1 - Rivermen : 0.
1:14 of 1st period - David Steckel wins face-off versus J.T. Brown in neutral zone.
1:42 of 1st period - Icing by J.T. Brown.
1:43 of 1st period - Zack Phillips wins face-off versus Markus Granlund in Rivermen zone.
2:05 of 1st period - Wrist shot by Markus Granlund.
2:05 of 1st period - Goal by Markus Granlund - Pirates : 2 - Rivermen : 0.
2:06 of 1st period - Joe Whitney wins face-off versus Peter Holland in neutral zone.
2:30 of 1st period - Off-side.
2:31 of 1st period - Mark Stone wins face-off versus Markus Granlund in neutral zone.
2:34 of 1st period - Markus Granlund is hit by Chris Brown.
3:22 of 1st period - Joakim Nordstrom is hit by Brandon Segal and loses puck.
3:38 of 1st period - Slapshot by Mike Komisarek.
3:38 of 1st period - Shot Blocked by Maxime Fortunus.
4:15 of 1st period - Snap shot by Peter Holland.
4:15 of 1st period - Goal by Peter Holland - Pirates : 3 - Rivermen : 0.
4:16 of 1st period - Gilbert Brule wins face-off versus Brian Gibbons in neutral zone.
4:30 of 1st period - Wrist shot by Markus Granlund.
4:30 of 1st period - Goal by Markus Granlund - Pirates : 4 - Rivermen : 0.
4:30 of 1st period - Tyler Bunz enters game.
4:31 of 1st period - Gilbert Brule wins face-off versus Brian Gibbons in neutral zone.
4:59 of 1st period - Icing by Anton Belov.
5:00 of 1st period - David Steckel wins face-off versus Brian Gibbons in Rivermen zone.
5:09 of 1st period - Snap shot by Mark Stone.
5:09 of 1st period - Stopped by Mike McKenna with a rebound.
5:11 of 1st period - Wrist shot by Zack Phillips.
5:11 of 1st period - Stopped by Mike McKenna without a rebound.
5:12 of 1st period - Joakim Nordstrom wins face-off versus David Steckel in Pirates zone.
5:15 of 1st period - Snap shot by Ryan Reaves.
5:15 of 1st period - Stopped by Mike McKenna without a rebound.
5:16 of 1st period - Joakim Nordstrom wins face-off versus David Steckel in Pirates zone.
5:24 of 1st period - Ryan Reaves beats up David Steckel.
5:24 of 1st period - Penalty to Ryan Reaves for Fighting.
5:24 of 1st period - Penalty to David Steckel for Fighting.
5:25 of 1st period - Brian Gibbons wins face-off versus Gilbert Brule in Rivermen zone.
5:25 of 1st period - Brian Gibbons is hit by Bobby Butler.
5:33 of 1st period - Slapshot by Mark Stone.
5:33 of 1st period - Shot Misses the Net.
5:35 of 1st period - Slapshot by Brian Gibbons.
5:35 of 1st period - Shot Misses the Net.
5:37 of 1st period - Slapshot by Brian Gibbons.
5:37 of 1st period - Goal by Brian Gibbons - Pirates : 4 - Rivermen : 1.
5:38 of 1st period - Markus Granlund wins face-off versus Brian Gibbons in neutral zone.
5:53 of 1st period - Wrist shot by Mark Stone.
5:53 of 1st period - Shot Misses the Net.
6:01 of 1st period - Wrist shot by Mark Stone.
6:01 of 1st period - Shot Misses the Net.
6:03 of 1st period - Snap shot by Cody Goloubef.
6:03 of 1st period - Stopped by Mike McKenna with a rebound.
6:13 of 1st period - Snap shot by Brian Gibbons.
6:13 of 1st period - Stopped by Mike McKenna with a rebound.
6:40 of 1st period - Mike Komisarek is hit by Cody Goloubef and loses puck.
6:47 of 1st period - Joakim Nordstrom is hit by Gilbert Brule and loses puck.
7:07 of 1st period - Mark Stone is hit by Eric Tangradi.
7:48 of 1st period - Zack Phillips is hit by Henrik Tommernes and loses puck.
7:59 of 1st period - Wrist shot by Brandon Segal.
7:59 of 1st period - Shot Blocked by Ryan Ellis.
8:01 of 1st period - Slapshot by Mike Komisarek.
8:01 of 1st period - Deflect By Eric Tangradi.
8:01 of 1st period - Goal by Eric Tangradi - Pirates : 5 - Rivermen : 1.
8:02 of 1st period - Peter Holland wins face-off versus Joakim Nordstrom in neutral zone.
8:56 of 1st period - Peter Holland is hit by Ryan Sproul and loses puck.
9:03 of 1st period - Wrist shot by Mark Stone.
9:03 of 1st period - Stopped by Mike McKenna with a rebound.
9:05 of 1st period - Snap shot by Rob Davison.
9:05 of 1st period - Stopped by Mike McKenna with a rebound.
9:07 of 1st period - Snap shot by Rob Davison.
9:07 of 1st period - Shot Blocked by Aaron Rome.
9:17 of 1st period - Slapshot by Chris Brown.
9:17 of 1st period - Shot Misses the Net.
9:27 of 1st period - Slapshot by Ryan Ellis.
9:27 of 1st period - Stopped by Mike McKenna with a rebound.
10:15 of 1st period - Slapshot by Chris Brown.
10:15 of 1st period - Stopped by Mike McKenna with a rebound.
10:17 of 1st period - Backhand shot by Ryan Ellis.
10:17 of 1st period - Shot Misses the Net.
10:19 of 1st period - Slapshot by Maxime Fortunus.
10:19 of 1st period - Shot Blocked by Peter Holland.
10:21 of 1st period - Wrist shot by Mark Stone.
10:21 of 1st period - Shot Misses the Net.
10:23 of 1st period - Snap shot by Ryan Ellis.
10:23 of 1st period - Stopped by Mike McKenna without a rebound.
10:24 of 1st period - Markus Granlund wins face-off versus Mark Stone in Pirates zone.
10:35 of 1st period - Snap shot by Markus Granlund.
10:35 of 1st period - Shot Misses the Net.
10:56 of 1st period - Off-side.
10:57 of 1st period - Zack Phillips wins face-off versus Gilbert Brule in neutral zone.
11:00 of 1st period - Markus Granlund is hit by Brian O'Neill and loses puck.
11:05 of 1st period - Wrist shot by Brian O'Neill.
11:05 of 1st period - Shot Blocked by Markus Granlund.
11:07 of 1st period - Snap shot by Zack Phillips.
11:07 of 1st period - Shot Misses the Net.
11:12 of 1st period - Minor Penalty to Gilbert Brule for Holding.
11:13 of 1st period - Bobby Butler wins face-off versus Joakim Nordstrom in Pirates zone.
11:45 of 1st period - Slapshot by Ryan Ellis.
11:45 of 1st period - Stopped by Mike McKenna without a rebound.
11:46 of 1st period - Bobby Butler wins face-off versus Brian Gibbons in Pirates zone.
11:55 of 1st period - Slapshot by Anton Belov.
11:55 of 1st period - Goal by Anton Belov - Pirates : 5 - Rivermen : 2.
11:56 of 1st period - Zack Phillips wins face-off versus Peter Holland in neutral zone.
13:48 of 1st period - Wrist shot by Nick Johnson.
13:48 of 1st period - Stopped by Tyler Bunz with a rebound.
14:09 of 1st period - Slapshot by Aaron Rome.
14:09 of 1st period - Deflect By Eric Tangradi.
14:09 of 1st period - Shot Misses the Net.
14:09 of 1st period - Puck is out of play.
14:10 of 1st period - Zack Phillips wins face-off versus David Steckel in Rivermen zone.
14:30 of 1st period - Slapshot by Ryan Ellis.
14:30 of 1st period - Deflect By Brian O'Neill.
14:30 of 1st period - Shot Blocked by Brandon Segal.
14:30 of 1st period - Puck is out of play.
14:31 of 1st period - Gilbert Brule wins face-off versus Brian Gibbons in Pirates zone.
15:26 of 1st period - Mike Komisarek is hit by Anton Belov and loses puck.
15:49 of 1st period - Slapshot by Ryan Ellis.
15:49 of 1st period - Shot Misses the Net.
15:51 of 1st period - Slapshot by Ryan Ellis.
15:51 of 1st period - Shot Misses the Net.
17:22 of 1st period - Markus Granlund is hit by Ryan Sproul and loses puck.
18:46 of 1st period - Slapshot by David Steckel.
18:46 of 1st period - Stopped by Tyler Bunz with a rebound.
19:33 of 1st period - Snap shot by Arron Asham.
19:33 of 1st period - Shot Misses the Net.
19:35 of 1st period - Slapshot by Henrik Tommernes.
19:35 of 1st period - Shot Misses the Net.
Goals for this period are 5 for Pirates vs 2 for Rivermen.
Shots for this period are 7 for Pirates vs 13 for Rivermen.

2nd period


0:01 of 2nd period - Brian Gibbons wins face-off versus Markus Granlund in neutral zone.
0:04 of 2nd period - Gilbert Brule is hit by Mark Stone and loses puck.
0:15 of 2nd period - Wrist shot by Mark Stone.
0:15 of 2nd period - Stopped by Mike McKenna with a rebound.
0:17 of 2nd period - Slapshot by Rob Davison.
0:17 of 2nd period - Shot Blocked by Hal Gill.
0:19 of 2nd period - Slapshot by Ryan Ellis.
0:19 of 2nd period - Shot Misses the Net.
0:21 of 2nd period - Slapshot by Ryan Ellis.
0:21 of 2nd period - Shot Blocked by Hal Gill.
0:23 of 2nd period - Snap shot by Brian Gibbons.
0:23 of 2nd period - Shot Misses the Net.
0:25 of 2nd period - Backhand shot by Brian Gibbons.
0:25 of 2nd period - Stopped by Mike McKenna with a rebound.
0:51 of 2nd period - David Steckel is hit by Joe Whitney and loses puck.
1:17 of 2nd period - Minor Penalty to Ryan Reaves for Holding.
1:18 of 2nd period - Gilbert Brule wins face-off versus Joe Whitney in Rivermen zone.
1:19 of 2nd period - Snap shot by Markus Granlund.
1:19 of 2nd period - Shot Blocked by Ryan Sproul.
2:31 of 2nd period - Brian O'Neill is hit by Mike Komisarek and loses puck.
3:17 of 2nd period - Penalty to Ryan Reaves is over, Ryan Reaves is back on ice.
3:28 of 2nd period - Aaron Rome is hit by Ryan Sproul and loses puck.
4:12 of 2nd period - Snap shot by Brian O'Neill.
4:12 of 2nd period - Stopped by Mike McKenna with a rebound.
4:14 of 2nd period - Wrist shot by J.T. Brown.
4:14 of 2nd period - Stopped by Mike McKenna with a rebound.
4:16 of 2nd period - Snap shot by Zack Phillips.
4:16 of 2nd period - Shot Blocked by Henrik Tommernes.
4:18 of 2nd period - Snap shot by Zack Phillips.
4:18 of 2nd period - Shot Misses the Net.
4:47 of 2nd period - Icing by Henrik Tommernes.
4:48 of 2nd period - Joakim Nordstrom wins face-off versus Markus Granlund in Pirates zone.
5:06 of 2nd period - Off-side.
5:07 of 2nd period - David Steckel wins face-off versus Zack Phillips in neutral zone.
5:17 of 2nd period - Wrist shot by Brandon Segal.
5:17 of 2nd period - Deflect By David Steckel.
5:17 of 2nd period - Shot Misses the Net.
5:17 of 2nd period - Puck is out of play.
5:18 of 2nd period - David Steckel wins face-off versus Zack Phillips in Rivermen zone.
5:35 of 2nd period - Wrist shot by Brian O'Neill.
5:35 of 2nd period - Stopped by Mike McKenna with a rebound.
6:02 of 2nd period - Slapshot by Mark Stone.
6:02 of 2nd period - Shot Misses the Net.
6:14 of 2nd period - Cody Goloubef is hit by Hal Gill and loses puck.
6:31 of 2nd period - Joe Whitney is hit by Eric Tangradi and loses puck.
6:54 of 2nd period - Andrew Alberts is hit by Rob Davison and loses puck.
7:23 of 2nd period - Snap shot by Markus Granlund.
7:23 of 2nd period - Deflect By Nick Johnson.
7:23 of 2nd period - Stopped by Tyler Bunz without a rebound.
7:24 of 2nd period - Zack Phillips wins face-off versus Markus Granlund in Rivermen zone.
8:13 of 2nd period - Cody Goloubef is hit by Henrik Tommernes and loses puck.
8:38 of 2nd period - Wrist shot by Ryan Stoa.
8:38 of 2nd period - Stopped by Tyler Bunz with a rebound.
9:02 of 2nd period - Slapshot by Ryan Ellis.
9:02 of 2nd period - Shot Blocked by Mike Komisarek.
9:10 of 2nd period - Backhand shot by Ryan Ellis.
9:10 of 2nd period - Shot Misses the Net.
9:12 of 2nd period - Snap shot by Ryan Ellis.
9:12 of 2nd period - Shot Misses the Net.
9:39 of 2nd period - Backhand shot by Eric Tangradi.
9:39 of 2nd period - Shot Blocked by Maxime Fortunus.
9:41 of 2nd period - Snap shot by Andrew Alberts.
9:41 of 2nd period - Stopped by Tyler Bunz without a rebound.
9:42 of 2nd period - Brian Gibbons wins face-off versus David Steckel in Rivermen zone.
10:03 of 2nd period - Peter Holland is hit by Ryan Sproul.
10:07 of 2nd period - Anton Belov is hit by Peter Holland and loses puck.
10:12 of 2nd period - Snap shot by Peter Holland.
10:12 of 2nd period - Stopped by Tyler Bunz without a rebound.
10:13 of 2nd period - Peter Holland wins face-off versus J.T. Brown in Rivermen zone.
10:22 of 2nd period - Peter Holland is hit by Brian O'Neill and loses puck.
11:18 of 2nd period - Snap shot by Chris Brown.
11:18 of 2nd period - Stopped by Mike McKenna with a rebound.
11:42 of 2nd period - Snap shot by Gilbert Brule.
11:42 of 2nd period - Goal by Gilbert Brule - Pirates : 6 - Rivermen : 2.
11:43 of 2nd period - Markus Granlund wins face-off versus Joakim Nordstrom in neutral zone.
11:49 of 2nd period - Minor Penalty to Ryan Reaves for Hooking.
11:50 of 2nd period - David Steckel wins face-off versus Joe Whitney in Rivermen zone.
12:00 of 2nd period - Snap shot by Eric Tangradi.
12:00 of 2nd period - Shot Blocked by Rob Davison.
12:02 of 2nd period - Slapshot by Mike Komisarek.
12:02 of 2nd period - Deflect By Brian Gibbons.
12:02 of 2nd period - Stopped by Tyler Bunz with a rebound.
12:04 of 2nd period - Slapshot by Hal Gill.
12:04 of 2nd period - Shot Misses the Net.
12:54 of 2nd period - Snap shot by Eric Tangradi.
12:54 of 2nd period - Shot Misses the Net.
12:56 of 2nd period - Wrist shot by David Steckel.
12:56 of 2nd period - Goal by David Steckel - Pirates : 7 - Rivermen : 2.
12:57 of 2nd period - Peter Holland wins face-off versus Zack Phillips in neutral zone.
13:18 of 2nd period - Slapshot by Anton Belov.
13:18 of 2nd period - Shot Misses the Net.
13:20 of 2nd period - Wrist shot by Anton Belov.
13:20 of 2nd period - Shot Misses the Net.
13:30 of 2nd period - Backhand shot by Brian O'Neill.
13:30 of 2nd period - Stopped by Mike McKenna with a rebound.
13:32 of 2nd period - Slapshot by Ryan Sproul.
13:32 of 2nd period - Stopped by Mike McKenna with a rebound.
13:48 of 2nd period - Snap shot by Chris Brown.
13:48 of 2nd period - Shot Misses the Net.
15:13 of 2nd period - Double Minor Penalty to Markus Granlund for High sticking.
15:14 of 2nd period - Joakim Nordstrom wins face-off versus Bobby Butler in Pirates zone.
15:17 of 2nd period - Wrist shot by Joakim Nordstrom.
15:17 of 2nd period - Shot Misses the Net.
15:19 of 2nd period - Slapshot by Ryan Ellis.
15:19 of 2nd period - Deflect By Hal Gill.
15:19 of 2nd period - Stopped by Mike McKenna without a rebound.
15:20 of 2nd period - Joe Whitney wins face-off versus Bobby Butler in Pirates zone.
15:21 of 2nd period - Slapshot by Ryan Ellis.
15:21 of 2nd period - Goal by Ryan Ellis - Pirates : 7 - Rivermen : 3.
15:22 of 2nd period - Bobby Butler wins face-off versus Brian Gibbons in neutral zone.
15:31 of 2nd period - Slapshot by Ryan Ellis.
15:31 of 2nd period - Stopped by Mike McKenna with a rebound.
15:43 of 2nd period - Snap shot by Mark Stone.
15:43 of 2nd period - Stopped by Mike McKenna without a rebound.
15:44 of 2nd period - Joakim Nordstrom wins face-off versus Bobby Butler in Pirates zone.
17:21 of 2nd period - Penalty to Markus Granlund is over, Markus Granlund is back on ice.
17:49 of 2nd period - Wrist shot by Brandon Segal.
17:49 of 2nd period - Shot Misses the Net.
18:21 of 2nd period - Joakim Nordstrom is hit by Nick Johnson and loses puck.
18:59 of 2nd period - Aaron Rome is hit by Ryan Ellis and loses puck.
19:51 of 2nd period - Snap shot by Nick Johnson.
19:51 of 2nd period - Shot Misses the Net.
Goals for this period are 2 for Pirates vs 1 for Rivermen.
Shots for this period are 7 for Pirates vs 12 for Rivermen.

3rd period


0:01 of 3rd period - Brian Gibbons wins face-off versus Gilbert Brule in neutral zone.
0:12 of 3rd period - Brian Gibbons is hit by Markus Granlund and loses puck.
0:25 of 3rd period - Slapshot by Ryan Ellis.
0:25 of 3rd period - Stopped by Mike McKenna without a rebound.
0:26 of 3rd period - David Steckel wins face-off versus Joakim Nordstrom in Pirates zone.
0:49 of 3rd period - Slapshot by Eric Tangradi.
0:49 of 3rd period - Stopped by Tyler Bunz with a rebound.
0:57 of 3rd period - Slapshot by Anton Belov.
0:57 of 3rd period - Shot Misses the Net.
0:59 of 3rd period - Slapshot by Ryan Sproul.
0:59 of 3rd period - Shot Misses the Net.
1:25 of 3rd period - Snap shot by Brian Gibbons.
1:25 of 3rd period - Stopped by Mike McKenna without a rebound.
1:26 of 3rd period - Gilbert Brule wins face-off versus Brian Gibbons in Pirates zone.
1:26 of 3rd period - Gilbert Brule is hit by Zack Phillips.
2:26 of 3rd period - Snap shot by Peter Holland.
2:26 of 3rd period - Shot Blocked by Brian O'Neill.
2:53 of 3rd period - Icing by Joe Whitney.
2:54 of 3rd period - Markus Granlund wins face-off versus Joakim Nordstrom in Rivermen zone.
3:51 of 3rd period - Minor Penalty to Gilbert Brule for Roughing.
3:52 of 3rd period - Bobby Butler wins face-off versus Brian Gibbons in Pirates zone.
4:02 of 3rd period - Bobby Butler is hit by Rob Davison and loses puck.
5:48 of 3rd period - Aaron Rome is hit by Brian Gibbons.
5:51 of 3rd period - Penalty to Gilbert Brule is over, Gilbert Brule is back on ice.
6:36 of 3rd period - Brandon Segal is hit by Maxime Fortunus and loses puck.
6:53 of 3rd period - Snap shot by Joakim Nordstrom.
6:53 of 3rd period - Shot Misses the Net.
6:55 of 3rd period - Slapshot by Cody Goloubef.
6:55 of 3rd period - Shot Blocked by David Steckel.
6:55 of 3rd period - David Steckel from Pirates is injured at 6:55 of 3rd period (Broken Right Foot Toe).
6:56 of 3rd period - Gilbert Brule wins face-off versus Brian Gibbons in Pirates zone.
7:54 of 3rd period - Rob Davison is hit by Eric Tangradi and loses puck.
8:31 of 3rd period - Slapshot by Aaron Rome.
8:31 of 3rd period - Stopped by Tyler Bunz with a rebound.
8:33 of 3rd period - Snap shot by Nick Johnson.
8:33 of 3rd period - Shot Blocked by Joakim Nordstrom.
9:39 of 3rd period - J.T. Brown is hit by Eric Tangradi and loses puck.
9:52 of 3rd period - Rob Davison is hit by Hal Gill and loses puck.
10:25 of 3rd period - Slapshot by Ryan Ellis.
10:25 of 3rd period - Shot Blocked by Hal Gill.
10:27 of 3rd period - Wrist shot by Joakim Nordstrom.
10:27 of 3rd period - Stopped by Mike McKenna with a rebound.
12:19 of 3rd period - Slapshot by Brian O'Neill.
12:19 of 3rd period - Stopped by Mike McKenna with a rebound.
14:22 of 3rd period - Ryan Ellis is hit by Arron Asham and loses puck.
14:45 of 3rd period - Joe Whitney is hit by Ryan Stoa.
15:08 of 3rd period - Minor Penalty to Ryan Sproul for Tripping.
15:09 of 3rd period - Joe Whitney wins face-off versus Peter Holland in Rivermen zone.
15:13 of 3rd period - Cody Goloubef is hit by Mike Komisarek and loses puck.
16:07 of 3rd period - Wrist shot by Gilbert Brule.
16:07 of 3rd period - Stopped by Tyler Bunz with a rebound.
16:09 of 3rd period - Slapshot by Hal Gill.
16:09 of 3rd period - Stopped by Tyler Bunz without a rebound.
16:10 of 3rd period - Gilbert Brule wins face-off versus Brian O'Neill in Rivermen zone.
16:43 of 3rd period - Aaron Rome is hit by Chris Brown and loses puck.
17:08 of 3rd period - Penalty to Ryan Sproul is over, Ryan Sproul is back on ice.
17:13 of 3rd period - Brandon Segal is hit by Ryan Sproul and loses puck.
17:48 of 3rd period - Ryan Stoa is hit by Joe Whitney and loses puck.
18:11 of 3rd period - Wrist shot by Brian Gibbons.
18:11 of 3rd period - Stopped by Mike McKenna with a rebound.
18:13 of 3rd period - Snap shot by Mark Stone.
18:13 of 3rd period - Shot Blocked by Vincent LoVerde.
18:15 of 3rd period - Slapshot by Cody Goloubef.
18:15 of 3rd period - Shot Misses the Net.
18:39 of 3rd period - Aaron Rome is hit by Zack Phillips and loses puck.
18:56 of 3rd period - Anton Belov is hit by Andrew Alberts and loses puck.
Goals for this period are 0 for Pirates vs 0 for Rivermen.
Shots for this period are 4 for Pirates vs 5 for Rivermen.


Output by the SimonT Hockey Simulator (STHS) for Eric Dolegowski -- Original Page W3C XHTML 1.0 Valid
Hockey Simulator - Hockey Simulation - Hockey Manager